 Dungeon Crawl Stone Soup version 0.18-a0-1343-g48c8f86 (webtiles) character file.

239 M4edhros the Sneak (level 6, 0/43 HPs)
             Began as an Octopode Monk on Feb 16, 2016.
             Was a Believer of Cheibriados.
             Slain by Menkaure (23 damage)
             ... in an ossuary.
             The game lasted 00:05:53 (1161 turns).

M4edhros the Sneak (Octopode Monk)                  Turns: 1161, Time: 00:05:53

Health: 0/43       AC:  1    Str: 18 (19) XL:     6   Next: 7%
Magic:  6/6        EV: 14    Int: 17      God:    Cheibriados [**....]
Gold:   63         SH:  4    Dex: 20      Spells: 0 memorised, 5 levels left

rFire  . . .     SeeInvis .       - Unarmed
rCold  . . .     Gourm    .     m - +0 buckler
rNeg   . . .     Faith    .     (helmet restricted)
rPois  .         Spirit   .     (no amulet)
rElec  .         Dismiss  .     e - ring of protection from magic
rCorr  .         Reflect  .     r - ring of sustain attributes
SustAt +         Harm     .     (no ring)
MR     +....                    (no ring)
Stlth  +++++.....               (no ring)
                                (no ring)
                                (no ring)
                                (no ring)

@: mighty, very slow, somewhat resistant to hostile enchantments, quite stealthy
A: almost no armour, amphibious, 8 rings, constrict 8, camouflage 1, gelatinous
body 1
a: Bend Time, Renounce Religion


You were in an ossuary.
You worshipped Cheibriados.
Cheibriados was pleased with you.
You were not hungry.

You visited 1 branch of the dungeon, and saw 5 of its levels.
You also visited: Ossuary.

You collected 63 gold pieces.

Inventory:

Hand Weapons
 c - a +0 hunting sling
Armour
 m - a +0 buckler (worn)
Jewellery
 e - a ring of protection from magic (left tentacle)
 r - a ring of sustain attributes (right tentacle)
Scrolls
 f - a scroll of enchant armour {unknown}
 h - 3 scrolls of identify {unknown}
 k - 2 scrolls of remove curse {unknown}
 n - a scroll of blinking {unknown}
 o - a scroll of immolation {unknown}
 p - a scroll of fear {unknown}
Potions
 b - a potion of agility {unknown}
 g - a potion of mutation {unknown}
 i - a potion of lignification {unknown}
 j - 2 potions of curing {unknown}
 q - a potion of might
Comestibles
 a - 2 bread rations
 d - a slice of pizza


   Skills:
 + Level 4.0 Fighting
 + Level 3.7 Dodging
 * Level 6.2 Stealth
 + Level 4.6 Unarmed Combat


You had 5 spell levels left.
You didn't know any spells.

Dungeon Overview and Level Annotations

Branches:
Dungeon (5/15)
 Temple: D:4-7

Altars:
Cheibriados
Makhleb
Pakellas
Sif Muna
Zin

Shops:
D:2 *

Annotations:
D:4 Gorice's ghost, amateur DsAK Ossuary Menkaure


Innate Abilities, Weirdness & Mutations

You cannot wear most types of armour.
You are amphibious.
You can wear up to eight rings at the same time.
You can use your tentacles to constrict eight enemies at once.
Your skin changes colour to match your surroundings (Stealth).
Your rubbery body absorbs attacks (AC +1).


Message History

You swing at nothing.
You bludgeon the mummy! You grab the mummy.
The mummy is severely damaged.
You constrict the mummy. You tentacle-slap the mummy.
The mummy is almost destroyed.
You constrict the mummy. You block the mummy's attack.
You bludgeon the mummy!
You destroy the mummy!
Your Fighting skill increases to level 4!
Menkaure shouts!
Found three items.
There is an open door here.
There is a click, and some walls slide away!
An ogre zombie comes into view.
Menkaure calls on the powers of darkness!
Your body is wracked with pain!
Menkaure barely misses you. Menkaure hits you!!
Ouch! That really hurt!
You die...

######.'..#
................###..#
................#.#..#
.....?!?........'.#..#
....!!$!?.......#.'..#
##..!$∩$?..########..#
....!?$!!.......+.#..#
.....=!M........#.#..#
.......@........#.'..#
Z..............Z###..#
......#'.....####.#..#
......#.........#.#..#
.#... #....#....#.'..#
#... #....#....###..#
#.. #....#....#.#..#
### ##'###'####.#..#
#...#...#...#..#


You could see Menkaure and an ogre zombie (dormant).

Vanquished Creatures
  2 crimson imps (D:5)
  A hound (D:5)
  A giant frog skeleton (D:4)
  4 mummies (Ossuary)
  2 adders
  3 adder zombies (Ossuary)
  A worm (D:3)
  An orc (D:3)
  3 bats
  2 giant cockroaches
  3 hobgoblins (D:1)
  4 jackals (D:1)
  2 kobolds (D:1)
  A quokka (D:4)
  2 giant newts (D:1)
  2 goblin zombies (Ossuary)
  2 hobgoblin zombies (Ossuary)
  A rat (D:2)
  2 rat zombies (Ossuary)
39 creatures vanquished.

Notes
Turn   | Place    | Note
--------------------------------------------------------------
     0 | D:1      | M4edhros the Octopode Monk began the quest for the Orb.
     0 | D:1      | Reached XP level 1. HP: 16/16 MP: 1/1
    16 | D:1      | Reached XP level 2. HP: 14/21 MP: 2/2
   334 | D:2      | Found Zin's Purification Station.
   337 | D:2      | Found a glowing silver altar of Zin.
   340 | D:2      | Reached XP level 3. HP: 22/26 MP: 3/3
   491 | D:3      | Found an oddly glowing altar of Pakellas.
   642 | D:4      | Found a burning altar of Makhleb.
   681 | D:4      | Found a snail-covered altar of Cheibriados.
   684 | D:4      | Found a deep blue altar of Sif Muna.
   721 | D:4      | Noticed Gorice's ghost (amateur DsAK)
   751 | D:5      | Entered Level 5 of the Dungeon
   762 | D:5      | Reached XP level 4. HP: 23/31 MP: 4/4
   813 | D:5      | Reached skill level 5 in Stealth
   853 | D:5      | Reached XP level 5. HP: 15/36 MP: 5/5
   891 | D:4      | Became a worshipper of Cheibriados the Contemplative
   891 | D:4      | Reached * piety under Cheibriados
   891 | D:4      | Reached ** piety under Cheibriados
  1036 | D:4      | Found a sand-covered staircase.
  1041 | Ossuary  | Entered an ossuary
  1139 | Ossuary  | Noticed Menkaure
  1148 | Ossuary  | Reached skill level 6 in Stealth
  1153 | Ossuary  | Reached XP level 6. HP: 43/43 MP: 6/6
  1161 | Ossuary  | Slain by Menkaure

Vault maps used:
D:1:      scummos_arrival_simple_fountains
D:2:      fedhas_altar_2, zin_purify
D:3:      nicolae_overflow_crystal_walls, uniq_natasha
D:4:      lemuel_crystal_altar, nicolae_overflow_hidden_temple, first_bread,
          lightli_ossuary_entry_decrepit_ruins
Ossuary:  ossuary_boxes_badplayer

Action                   |  1- 3 |  4- 6 || total
-------------------------+-------+-------++-------
Melee: Unarmed           |    50 |    34 ||    84
  Use: Potion            |       |     2 ||     2
 Stab: Sleeping          |     8 |     6 ||    14
